 Dungeon Crawl Stone Soup version 0.29-a0-284-gf9362112df (webtiles) character file.

Game seed: 2461707785583240620

350 siradein the Bolt Thrower (level 6, -5/38 HPs)
             Began as a Kobold Hunter on Mar 15, 2022.
             Was an Initiate of Okawaru.
             Slain by Duvessa
             ... wielding a +0 short sword
              (16 damage)
             ... on level 5 of the Dungeon.
             The game lasted 00:19:23 (4570 turns).

siradein the Bolt Thrower (Kobold Hunter)           Turns: 4570, Time: 00:19:23

Health: -5/38      AC:  4    Str: 10    XL:     6   Next: 92%
Magic:  6/6        EV: 31    Int: 10    God:    Okawaru [......]
Gold:   316        SH:  0    Dex: 19    Spells: 5/5 levels left

rFire   . . .      SeeInvis .   a - +1 hand crossbow
rCold   . . .      Faith    .   (no shield)
rNeg    . . .      Spirit   .   b - +0 leather armour
rPois   .          Reflect  .   d - +0 helmet
rElec   .          Harm     .   (no cloak)
rCorr   .          Rampage  .   (no gloves)
Will    .....                   (no boots)
Stlth   ++++......              x - amulet of the acrobat
HPRegen 0.12/turn               s - ring of flight
MPRegen 0.10/turn               v - ring of wizardry

@: acrobatic, flying
A: small, no large weapons, nightstalker 3
a: Renounce Religion


You were on level 5 of the Dungeon.
You worshipped Okawaru.
Okawaru was noncommittal.
You visited 2 branches of the dungeon, and saw 6 of its levels.

You collected 316 gold pieces.

Inventory:

Hand Weapons
 a - a +1 hand crossbow (weapon)
 o - a +2 trident of protection
Missiles
 f - 15 poisoned darts (quivered)
Armour
 b - a +0 leather armour (worn)
 d - a +0 helmet (worn)
Jewellery
 s - a ring of flight (left hand)
 v - a ring of wizardry (right hand)
 x - an amulet of the acrobat (around neck)
Scrolls
 c - a scroll of immolation
 e - a scroll of noise {unknown}
 i - 2 scrolls of enchant armour {unknown}
 m - a scroll of summoning {unknown}
 n - 2 scrolls of enchant weapon {unknown}
 p - a scroll of teleportation {unknown}
 t - 2 scrolls of amnesia {unknown}
 w - a scroll of identify {unknown}
Potions
 g - 4 potions of brilliance {unknown}
 h - a potion of haste {unknown}
 j - 4 potions of might {unknown}
 k - a potion of flight {unknown}
 l - a potion of cancellation {unknown}
 r - 2 potions of lignification {unknown}
 u - 3 potions of heal wounds {unknown}
 z - a potion of curing


   Skills:
 + Level 4.1 Fighting
 + Level 6.8 Crossbows
 + Level 4.5 Dodging
 + Level 4.7 Stealth


You had 5 spell levels left.
You didn't know any spells.
Your spell library contained the following spells:

 Spells                   Type           Power      Damage    Failure   Level
 Apportation              Tloc           0%         N/A       21%         1
 Foxfire                  Conj/Fire      0%         2x1d4     21%         1
 Static Discharge         Conj/Air       0%         N/A       30%         2
 Conjure Flame            Conj/Fire      0%         6-21      50%         3
 Gell's Gravitas          Tloc           0%         N/A       50%         3
 Ignite Poison            Fire/Tmut/Pois 0%         N/A       50%         3
 Inner Flame              Hex/Fire       0%         N/A       50%         3
 Lesser Beckoning         Tloc           0%         N/A       50%         3
 Teleport Other           Tloc           0%         N/A       50%         3
 Flame Wave               Conj/Fire      0%         2d4       87%         4
 Passage of Golubria      Tloc           0%         N/A       87%         4
 Sticky Flame             Conj/Fire      0%         2d3       87%         4
 Lightning Bolt           Conj/Air       0%         1d11      99%         5
 Yara's Violent Unravell  Hex/Tmut       0%         3d3       99%         5
 Maxwell's Capacitive Co  Air            0%         ∞         100%        8
 Animate Skeleton         Necr           Unusable   N/A       N/A         1
 Summon Small Mammal      Summ           Unusable   N/A       N/A         1
 Tukima's Dance           Hex            Unusable   N/A       N/A         3

Dungeon Overview and Level Annotations

Branches:
Dungeon (5/15)             Temple (1/1) D:4

Altars:
Ashenzari
Cheibriados
Dithmenos
Fedhas
Hepliaklqana
Kikubaaqudgha
Makhleb
Nemelex Xobeh
Okawaru
Qazlal
Ru
Sif Muna
Trog
Vehumet
Wu Jian
Xom
Yredelemnul
The Shining One

Shops:
D:2 (

Annotations:
D:3 Grinder, Pargi
D:5 Duvessa


Innate Abilities, Weirdness & Mutations

You are small and have problems with some larger weapons.
You are completely attuned to the shadows.


Message History

Aim: Duvessa, wielding a +0 short sword and wearing a +3 ring mail of poison resistance (berserk, 70% to hit)
You throw a curare-tipped dart. The curare-tipped dart hits Duvessa.
Unknown command.
Throw: 2 darts (curare)
Press: ? - help, Q - select action, (/) - cycle Shift-Dir - straight line, f/p - Duvessa
Aim: Duvessa, wielding a +0 short sword and wearing a +3 ring mail of poison resistance (berserk, 70% to hit)
You throw a curare-tipped dart. The curare-tipped dart hits Duvessa.
Duvessa barely misses you. Duvessa misses you.
Throw: dart (curare)
Press: ? - help, Q - select action, (/) - cycle Shift-Dir - straight line, f/p - Duvessa
Aim: Duvessa, wielding a +0 short sword and wearing a +3 ring mail of poison resistance (berserk, 70% to hit)
You throw a curare-tipped dart. The curare-tipped dart hits Duvessa.
Duvessa hits you with a +0 short sword! Duvessa closely misses you.
Throw: 19 darts (poison)
Press: ? - help, Q - select action, (/) - cycle Shift-Dir - straight line, f/p - Duvessa
Aim: Duvessa, wielding a +0 short sword and wearing a +3 ring mail of poison resistance (berserk, 70% to hit)
You throw a poisoned dart. The poisoned dart hits Duvessa.
Duvessa hits you with a +0 short sword.
Throw: 18 darts (poison)
Press: ? - help, Q - select action, (/) - cycle Shift-Dir - straight line, f/p - Duvessa
Aim: Duvessa, wielding a +0 short sword and wearing a +3 ring mail of poison resistance (berserk, 70% to hit)
You throw a poisoned dart. The poisoned dart hits Duvessa.
Duvessa closely misses you. Duvessa hits you with a +0 short sword.
Throw: 17 darts (poison)
Press: ? - help, Q - select action, (/) - cycle Shift-Dir - straight line, f/p - Duvessa
Aim: Duvessa, wielding a +0 short sword and wearing a +3 ring mail of poison resistance (berserk, 70% to hit)
You throw a poisoned dart. The poisoned dart hits Duvessa.
Duvessa barely misses you. Duvessa closely misses you.
Throw: 16 darts (poison)
Press: ? - help, Q - select action, (/) - cycle Shift-Dir - straight line, f/p - Duvessa
Aim: Duvessa, wielding a +0 short sword and wearing a +3 ring mail of poison resistance (berserk, 70% to hit)
You throw a poisoned dart. The poisoned dart hits Duvessa.
Duvessa is poisoned.
Duvessa hits you with a +0 short sword!
* * * LOW HITPOINT WARNING * * *
Duvessa completely misses you. Duvessa barely misses you.
You hear a shout!
Duvessa hits you with a +0 short sword!
You die...

.. #.# #.##..# #.##.#
#.##..# #....#####
#.##..# ####
..........# #.##..#
#...
##.######.######.#.#..#
#.## #.
#.(((....###...## #.# #
#(#.###.###.....# #.#
#(#.##e## #.....#####.#
#.#.###@# #...........#
..#.# ##.##.....#######
#.#.....# #.###### .#
#.# ###.### #.# #.....#
#.# #.#####.# #.####.#
#.[.....#
#......#############


You could see Duvessa (berserk, poisoned).

Vanquished Creatures
  Blork the orc (D:4)
  Dowan (D:5)
  A hound (D:4)
  Terence (D:3)
  Natasha (thrice) (D:4)
  3 adders
  A worm (D:3)
  2 dart slugs
  6 orcs
  2 ball pythons
  6 endoplasms
  5 giant cockroaches
  9 goblins
  9 hobgoblins
  3 jackals (D:1)
  3 kobolds
  4 bats
  2 frilled lizards (D:1)
  2 rats
64 creatures vanquished.

Notes
Turn   | Place    | Note
-------+----------+-------------------------------------------
     0 | D:1      | siradein the Kobold Hunter began the quest for the Orb.
     0 | D:1      | Reached XP level 1. HP: 12/12 MP: 1/1
   308 | D:1      | Reached XP level 2. HP: 18/18 MP: 2/2
  1143 | D:2      | Found Xeasitekuq's Weapon Shop.
  1181 | D:2      | Reached XP level 3. HP: 22/22 MP: 3/3
  1489 | D:2      | Found a faded altar of an unknown god.
  1873 | D:3      | Noticed Grinder
  1902 | D:3      | Noticed Terence
  1925 | D:3      | Killed Terence
  1926 | D:3      | Reached XP level 4. HP: 9/28 MP: 4/4
  2398 | D:3      | Reached skill level 6 in Crossbows
  2482 | D:3      | Noticed Pargi
  2529 | D:3      | Reached XP level 5. HP: 32/32 MP: 5/5
  2898 | D:4      | Noticed Blork the orc
  2910 | D:4      | Killed Blork the orc
  3076 | D:4      | Noticed Natasha
  3082 | D:4      | Killed Natasha
  3083 | D:4      | Reached XP level 6. HP: 38/38 MP: 6/6
  3122 | D:4      | Noticed Natasha
  3128 | D:4      | Killed Natasha
  3294 | D:4      | Found a staircase to the Ecumenical Temple.
  3302 | Temple   | Entered the Ecumenical Temple
  3437 | Temple   | Became a worshipper of Warmaster Okawaru
  3869 | D:4      | Noticed Natasha
  3879 | D:4      | Killed Natasha
  4082 | D:5      | Entered Level 5 of the Dungeon
  4125 | D:5      | Noticed an ice beast
  4176 | D:5      | Noticed a two-headed ogre
  4380 | D:5      | Noticed Dowan
  4425 | D:5      | Killed Dowan
  4556 | D:5      | Noticed Duvessa
  4570 | D:5      | Slain by Duvessa

Illustrated notes

Levels and vault maps discovered:
D:1:      heliophobic_arrival_battle_scene, layout_loops_ring
D:2:      layout_basic, serial_shops, shop_coins,
          shapermc_ecumenical_altar_mp_urbaneastern
D:3:      layout_loops_ring, zin_scriptorium, grunt_decor_mini_mirrors,
          fountainhead, uniq_pargi, uniq_terence, uniq_grinder
D:4:      layout_loops_corners, minmay_temple_entry_wispy,
          minmay_goblin_outpost, uniq_blork_the_orc, uniq_natasha
D:5:      layout_loops_ring, minmay_tree_intersection, uniq_ijyb, uniq_pikel,
          uniq_duvessa
Temple:   compressed_dpeg_circular_temple

Skill      XL: |  1  2  3  4  5  6 |
---------------+-------------------+-----
Stealth        | 2 3 4 |  4.7
Dodging        | 3 4 |  4.5
Fighting       | 3 4 |  4.1
Crossbows      | 6 |  6.8

Action                   |  1- 3 |  4- 6 || total
-------------------------+-------+-------++-------
Melee: Trident           |       |    16 ||    16
 Fire: Hand crossbow     |    55 |   108 ||   163
Throw: Dart              |     6 |    16 ||    22
Armor: Leather armour    |     6 |    14 ||    20
Dodge: Dodged            |    18 |    76 ||    94

Table legend: (Time is in decaauts)
 A = Elapsed time spent in this place.
 B = Non-inter-level travel time spent in this place.
 C = Inter-level travel time spent in this place.
 D = Time resting spent in this place.
 E = Time spent auto-exploring this place.
 F = Levels seen in this place.
 G = Mean time per level.
                   A        B        C        D        E       F      G
               +--------+--------+--------+--------+--------+-----+--------+
         Total |   4640 |   4540 |    100 |    340 |   3206 |   6 |  773.3 |
       Dungeon |   4477 |   4377 |    100 |    340 |   3094 |   5 |  895.4 |
        Temple |    163 |    163 |      0 |      0 |    112 |   1 |  163.0 |
               +--------+--------+--------+--------+--------+-----+--------+

Top non-repeatable levels by time:
     D:4: 1515 daAuts
     D:1: 973 daAuts
     D:2: 897 daAuts
     D:3: 736 daAuts
     D:5: 353 daAuts
  Temple: 163 daAuts
